 Dungeon Crawl Stone Soup version 0.29.0-13-gc9e81de378 (webtiles) character file.

Game seed: 9244311030672794929

503 Destapler the Chiller (level 6, -2/48 HPs)
             Began as a Draconian Ice Elementalist on Sept 10, 2022.
             Was an Initiate of Vehumet.
             Slain by Blork the orc
             ... wielding a +1 trident of venom
              (6 damage)
             ... on level 4 of the Dungeon.
             The game lasted 00:30:11 (6189 turns).

Destapler the Chiller (Draconian Ice Elementalist)  Turns: 6189, Time: 00:30:11

Health: -2/48      AC:  8    Str: 10    XL:     6   Next: 96%
Magic:  2/10       EV: 12    Int: 17    God:    Vehumet [......]
Gold:   1035       SH:  0    Dex: 12    Spells: 3/11 levels left

rFire   . . .      SeeInvis .   u - +2 flail (protect)
rCold   . . .      Faith    .   (no shield)
rNeg    . . .      Spirit   .   (body armour unavailable)
rPois   .          Reflect  .   (helmet restricted)
rElec   .          Harm     .   (no cloak)
rCorr   .          Rampage  .   r - +1 pair of gloves
Will    .....                   (no boots)
Stlth   ++........              (no amulet)
HPRegen 0.16/turn               (no ring)
MPRegen 0.12/turn               (no ring)

@: lethally poisoned (-2 -> -16)
A: AC +6, unfitting armour, cold-blooded
a: Renounce Religion


You were on level 4 of the Dungeon.
You worshipped Vehumet.
Vehumet was noncommittal.
You visited 1 branch of the dungeon, and saw 4 of its levels.

You collected 1035 gold pieces.

Inventory:

Hand Weapons
 c - a +0 whip
 q - a +1 hand axe of flaming
 t - a +1 vorpal spear
 u - a +2 flail of protection (weapon)
 C - a +1 dagger of speed
Missiles
 y - 4 javelins
Armour
 r - a +1 pair of gloves (worn)
Jewellery
 b - an amulet of magic regeneration
Wands
 n - a wand of iceblast (5)
 s - a wand of digging (4)
 w - a wand of flame (16)
Scrolls
 e - a scroll of fog
 g - 2 scrolls of magic mapping
 i - a scroll of immolation
 k - a scroll of noise
Potions
 a - a potion of magic
 f - a potion of berserk rage {unknown}
 j - 2 potions of ambrosia
 m - a potion of curing
 o - a potion of might {unknown}
 p - a potion of cancellation {unknown}
 v - a potion of flight {unknown}
 z - a potion of haste {unknown}
 A - 2 potions of attraction {unknown}
 B - a potion of invisibility {unknown}


   Skills:
 + Level 2.1 Fighting
 + Level 1.7 Maces & Flails
 + Level 0.7 Polearms
 - Level 3.0 Dodging
 - Level 3.0 Stealth
 - Level 3.0 Spellcasting
 + Level 2.0 Conjurations
 + Level 4.8 Ice Magic
 + Level 1.8 Air Magic
 + Level 1.9 Evocations


You had 3 spell levels left.
You knew the following spells:

 Your Spells              Type           Power      Damage    Failure   Level
a - Freeze                Ice            72%        1d9       2%          1
b - Shock                 Conj/Air       36%        1d5       8%          1
c - Frozen Ramparts       Ice            36%        1d6       7%          3
d - Ozocubu's Armour      Ice            18%        N/A       7%          3

Your spell library contained the following spells:

 Spells                   Type           Power      Damage    Failure   Level
 Ensorcelled Hibernation  Hex/Ice        20%        N/A       10%         2
 Swiftness                Air            8%         N/A       24%         3
 Spider Form              Tmut/Pois      2%         N/A       45%         3
 Hailstorm                Conj/Ice       14%        3d5       38%         4
 Airstrike                Air            4%         2d(1-17)  63%         4
 Anguish                  Hex/Necr       1%         N/A       86%         4


Dungeon Overview and Level Annotations

Branches:
Dungeon (4/15)
 Temple: D:4-7

Altars:
Dithmenos
Gozag
Uskayaw
Vehumet

Shops:
D:2 *   D:3 ?

Annotations:
D:4 Blork the orc, Eustachio


Innate Abilities, Weirdness & Mutations

Your plain brown scales are hard. (AC +6)
You cannot fit into any form of body armour.
You are cold-blooded and may be slowed by cold attacks.


Message History

The walls around you are covered in ice.
You feel sick. Blork the orc barely misses you.
You are out of magic!
Your icy armour and frozen ramparts will break if you move.
Continue?
Okay, then.
Okay, then.
Your icy armour and frozen ramparts will break if you move.
Continue?
Your icy armour cracks and falls away as you move.
The frozen ramparts melt away as you move.
You feel sick.
Blork the orc hits you from afar with a +1 trident of venom.
You are more poisoned.
You feel very sick.
Blork the orc gestures at you while chanting.
The puff of flame hits you!
* * * LOW HITPOINT WARNING * * *
Your magical contamination has completely faded away.
You feel sick.
You feel sick.
Blork the orc miscasts a cantrip.
You feel sick.
Blork the orc casts a cantrip, but nothing happens.
You feel sick.
You feel sick.
You feel sick.
You feel sick. Blork the orc barely misses you.
You feel sick.
You are no longer poisoned.
Blork the orc miscasts a cantrip.
Blork the orc hits you from afar with a +1 trident of venom!
* * * LOW HITPOINT WARNING * * *
You are lethally poisoned!
You feel better.
Blork the orc hits you from afar with a +1 trident of venom.
* * * LOW HITPOINT WARNING * * *
You are lethally poisoned!
* * * LOW HITPOINT WARNING * * *
You feel very sick.
Blork the orc hits you with a +1 trident of venom.
You die...

.........,#...............#
.################.........#
.####....###...##.........#
...........#..............#
...........#...##...##...##
...........'...##...##...#
...##.....##...##........######
...##.....##+####.............#
...#..........>#@.............#
...#...........o..............#
................#.......####'##
.#..#...####....#######..##...#
.###########...## #.....>..#
..# #.......# #........# ..#
#.......# #........# ..#
#.......# ##.......# .**
##.....## #.########


You could see Blork the orc (fast).

Vanquished Creatures
  2 ogres
  A hound (D:4)
  A jelly (D:4)
  Natasha (thrice) (D:2)
  A statue (D:3)
  4 adders
  4 gnolls
  A worm (D:3)
  3 dart slugs
  11 orcs
  5 ball pythons
  9 endoplasms
  A giant cockroach (D:1)
  9 goblins
  4 hobgoblins
  8 jackals (D:1)
  A quokka (D:3)
  6 bats
  2 frilled lizards
  7 kobolds
  8 rats
91 creatures vanquished.

Notes
Turn   | Place    | Note
-------+----------+-------------------------------------------
     0 | D:1      | Destapler the Draconian Ice Elementalist began the quest
                  | for the Orb.
     0 | D:1      | Reached XP level 1. HP: 14/14 MP: 3/3
   245 | D:1      | Learned a level 1 spell: Shock
   285 | D:1      | Reached XP level 2. HP: 20/20 MP: 5/5
   759 | D:1      | Reached XP level 3. HP: 22/26 MP: 1/6
  1903 | D:2      | Found Akhealom's Assorted Antiques.
  1972 | D:2      | Found a shadowy altar of Dithmenos.
  2066 | D:2      | Noticed Natasha
  2094 | D:2      | You fall into a shaft and drop 1 floor!
  2330 | D:2      | Killed Natasha
  2331 | D:2      | Reached XP level 4. HP: 14/34 MP: 1/7
  2337 | D:2      | Noticed Natasha
  2565 | D:2      | Killed Natasha
  2566 | D:2      | Reached skill level 1 in Fighting
  2640 | D:2      | Reached skill level 1 in Air Magic
  2752 | D:3      | Noticed an ogre
  2778 | D:3      | Reached skill level 1 in Conjurations
  2928 | D:2      | Reached XP level 5. HP: 40/40 MP: 0/8
  3009 | D:3      | Found Neatyom's Magic Scroll Emporium.
  3201 | D:2      | Learned a level 3 spell: Frozen Ramparts
  3774 | D:3      | Reached skill level 1 in Evocations
  3841 | D:2      | Noticed Natasha
  3852 | D:2      | Killed Natasha
  3853 | D:2      | Reached skill level 1 in Maces & Flails
  3964 | D:2      | Learned a level 3 spell: Ozocubu's Armour
  3981 | D:3      | Killed an ogre
  3982 | D:3      | Reached XP level 6. HP: 31/48 MP: 4/10
  4310 | D:3      | Found a faded altar of an unknown god.
  4395 | D:3      | Found a radiant altar of Vehumet.
  5270 | D:3      | Became a worshipper of Vehumet
  5678 | D:4      | Noticed Eustachio
  6011 | D:4      | Found a hide-covered altar of Uskayaw.
  6063 | D:4      | Found an opulent altar of Gozag.
  6129 | D:4      | Noticed Blork the orc
  6133 | D:4      | Identified a scroll of acquirement
  6133 | D:4      | Acquired 820 gold pieces
  6189 | D:4      | Slain by Blork the orc

Illustrated notes

Levels and vault maps discovered:
D:1:      beargit_arrival_greenhouse, layout_loops_corners,
          minmay_three_crescents
D:2:      layout_rooms, basic_altar, serial_corexii_hall,
          corexii_hall_statues_i, corexii_hall_statues_i, serial_shops,
          nicolae_shop_hallway_plus, nrook_loot_triangle, uniq_natasha
D:3:      layout_rooms, vehumet_statue, hellmonk_ecumenical_altar_inner_sanctum,
          serial_shops, nicolae_shop_hallway_plus
D:4:      layout_gridville, mainiacjoe_overflow_alcove_4, lemuel_blue_sif_altar,
          mainiacjoe_overflow_alcove_2, eat_drink_and_be_merry_uskayaw,
          uniq_blork_the_orc, uniq_eustachio

Skill      XL: |  1  2  3  4  5  6 |
---------------+-------------------+-----
Dodging        | 2 3 |  3.0
Stealth        | 2 3 |  3.0
Fighting       | 1 2 |  2.1
Air Magic      | 1 |  1.8
Conjurations   | 1 2 |  2.0
Evocations     | 1 |  1.9
Maces & Flails | 1 |  1.7
Spellcasting   | 3 |  3.0
Polearms       | |  0.7
Ice Magic      | |  4.8

Action                   |  1- 3 |  4- 6 || total
-------------------------+-------+-------++-------
Melee: Whip              |    74 |    39 ||   113
       Tailslap          |     8 |    13 ||    21
       Punch             |     1 |       ||     1
       Flail             |       |    27 ||    27
 Cast: Freeze            |    27 |    14 ||    41
       Shock             |    40 |   151 ||   191
       Frozen Ramparts   |       |    10 ||    10
       Ozocubu's Armour  |       |     4 ||     4
  Use: Scroll            |       |     9 ||     9
       Potion            |       |     1 ||     1
 Stab: Sleeping          |     4 |     3 ||     7
Armor: Skin              |    31 |    22 ||    53
Dodge: Dodged            |    67 |    63 ||   130
